[Event "*** Titled Tuesday 3|2 Blitz"]
[Site "Chess.com"]
[Date "2016.10.04"]
[Round "6"]
[White "Dr-Bassem"]
[Black "petrpalachev"]
[Result "0-1"]
[WhiteElo "2595"]
[BlackElo "2417"]
[TimeControl "180+2"]
[EndTime "12:17:01 PDT"]
[Termination "petrpalachev won on time"]

1. e4 c5 2. Nf3 d6 3. g3 Nc6 4.
Bg2 Nf6 5. d3 g6 6. O-O Bg7 7.
c3 O-O 8. Re1 e5 9. a3 b5 10. h3 a6 11. Be3 Bb7 12. Nbd2 a5 13. a4 b4 14. Nc4 Ba6 15. Bg5 h6 16. Bxf6 Bxf6 17. Ne3 Rb8 18. h4 h5 19. Bh3 Re8 20. Qd2 Ne7 21. c4 Bc8 22. Bxc8 Qxc8 23. Kg2 Bg7 24.
Nd5 Nxd5 25. cxd5 f6 26. Qe2 Bh6 27. b3 Qd7 28. Rf1 Rf8 29. Nd2 Bxd2 30. Qxd2 Rbe8 31. f4 f5 32. fxe5 Rxe5 33. Rae1 Kh7 34. Rf4 Rf7 35. Ref1 Rfe7 36. Qc2 Rf7 37. Kh2 Rfe7 38. R1f2 Rf7 39.
Qb1 Kg8 40. Qd1 Kh7 41. Qc2 Kg8 42. Qc4 Kh7 43. Qa6 Qd8 44. Rc2 Kg7 45. Rcf2 Kh7 46.
Qc4 Qd7 47. Qa6 Qc7 48. Qa8 Kg7 49. exf5 Rexf5 50. Rxf5 Rxf5 51. Re2 Qf7 52. Qd8 Rf2+ 53. Rxf2 Qxf2+ 54. Kh3 Qf1+ 55. Kh2 Qf2+ 56. Kh3 Qf5+ 57. Kh2 Qxd5 58. Qxa5 Qxb3 59. Qc7+ Qf7 60. Qxd6 Qf2+ 61. Kh3 b3 62. Qe7+ Qf7 63. Qxc5 Qf5+ 0-1

[Event "*** Titled Tuesday 3|2 Blitz"]
[Site "Chess.com"]
[Date "2016.10.04"]
[Round "6"]
[White "DavitZarkua"]
[Black "GMOratovsky"]
[Result "0-1"]
[WhiteElo "2499"]
[BlackElo "2417"]
[TimeControl "180+2"]
[EndTime "12:17:15 PDT"]
[Termination "GMOratovsky won by resignation"]

1. e4 d6 2. d4 Nf6 3. Nc3 e5 4.
Nf3 Nbd7 5. Bc4 exd4 6. Nxd4 Nb6 7. Bb3 c5 8. Nf3 c4 9. Ba4+ Nxa4 10. Nxa4 Nxe4 11. O-O d5 12. Nd2 Nxd2 13. Bxd2 Be7 14. Nc3 O-O 15. Be3 Be6 16. f4 g6 17. Qd2 Qd7 18. Rad1 Rfd8 19. Bd4 Bg4 20. Rde1 b5 21. f5 Bxf5 22. Rxf5 gxf5 23. Qh6 f6 24. Re3 f4 25. Qxf4 Kf7 26. Ne2 Rg8 27. Ng3 Qd6 28. Qf5 Rg6 29.
Nh5 Rag8 30. Nf4 Rg5 31. Qxh7+ R8g7 32. Qh4 Qxf4 33. Qxf4 Rxg2+ 34. Kf1 Rg1+ 35. Kf2 R7g2+ 36. Kf3 Rf1+ 37. Kxg2 Rxf4 38. Bxa7 d4 39. Re2 Bd6 40. h3 Be5 41. a3 d3 42. cxd3 cxd3 43. Rd2 Ra4 44.
Bf2 Rc4 45. b3 Rc3 46. a4 b4 47. Rd1 Rxb3 48. a5 Ra3 49. Bb6 Bf4 50. Kf3 Bg5 51. Ke4 d2 52. Bc5 Rxa5 53. Bd4 b3 54. Kd3 Ra4 55. Bc3 Rh4 56. Bxd2 Rxh3+ 57. Kc4 Bxd2 58. Rxd2 f5 59. Rb2 Kf6 60. Kd4 Kg5 61. Rf2 Kg4 62. Ke5 Re3+ 63. Kd4 Re4+ 64. Kd3 Re7 65.
Rf1 f4 66. Kc3 Re3+ 67. Kd2 Rg3 68. Rc1 b2 69. Rb1 Rg2+ 70. Kd3 f3 71. Ke3 Re2+ 72. Kd3 Kg3 73. Rg1+ Rg2 74. Rf1 Rh2 75. Ke3 Re2+ 76.
Kd3 Re7 77. Rb1 f2 78. Rxb2 Re1 79. Rb3 f1=Q+ 80. Kd2+ Kg2 81. Rg3+ Kxg3 0-1

[Event "*** Titled Tuesday 3|2 Blitz"]
[Site "Chess.com"]
[Date "2016.10.04"]
[Round "7"]
[White "Kubas1010"]
[Black "Schemato"]
[Result "1-0"]
[WhiteElo "2462"]
[BlackElo "2312"]
[TimeControl "180+2"]
[EndTime "12:19:34 PDT"]
[Termination "Kubas1010 won by resignation"]

1. d4 e6 2. c4 f5 3. Nc3 Nf6 4.
Nf3 Bb4 5. g3 b6 6. Bg2 Bb7 7.
O-O Bxc3 8. bxc3 O-O 9. d5 Qe7 10. Nd4 g6 11. d6 1-0

[Event "*** Titled Tuesday 3|2 Blitz"]
[Site "Chess.com"]
[Date "2016.10.04"]
[Round "7"]
[White "Sven_Tica"]
[Black "MyleneFarmer"]
[Result "1-0"]
[WhiteElo "2380"]
[BlackElo "2300"]
[TimeControl "180+2"]
[EndTime "12:19:42 PDT"]
[Termination "Sven_Tica won by resignation"]

1. d4 Nf6 2. c4 e6 3. g3 c5 4. d5 exd5 5. cxd5 d6 6. Nc3 g6 7.
Nf3 Bg7 8. Bg2 O-O 9. O-O Re8 10. Bf4 Ne4 11. Nxe4 Rxe4 12. Nd2 Rxf4 13. gxf4 Bxb2 14. Rb1 Bg7 15. e4 Qf6 16. Qf3 Nd7 17. Nc4 b6 18. Rfe1 Ba6 19. e5 dxe5 20. Nxe5 Nxe5 21. fxe5 Qg5 22. Qg3 1-0

[Event "*** Titled Tuesday 3|2 Blitz"]
[Site "Chess.com"]
[Date "2016.10.04"]
[Round "7"]
[White "Mastervlad8"]
[Black "hypert"]
[Result "1-0"]
[WhiteElo "2151"]
[BlackElo "2274"]
[TimeControl "180+2"]
[EndTime "12:22:14 PDT"]
[Termination "Mastervlad8 won by resignation"]

1. e4 c6 2. d4 d5 3. exd5 cxd5 4. c4 Nf6 5. Nc3 e6 6. c5 Be7 7. Nf3 O-O 8. Qc2 b6 9. b4 a5 10. Na4 Nfd7 11. Bd3 h6 12. c6 Bxb4+ 13. Bd2 Bxd2+ 14. Nxd2 Qf6 15. cxd7 Bxd7 16. Nf3 Rc8 17. Qb3 Bxa4 18. Qxa4 Nc6 19. O-O Nb4 20. Bb5 g5 21. a3 g4 22. Ne5 Nc2 23. Rac1 Nxd4 24. Qxd4 1-0

[Event "*** Titled Tuesday 3|2 Blitz"]
[Site "Chess.com"]
[Date "2016.10.04"]
[Round "7"]
[White "Gordima"]
[Black "biostatistician"]
[Result "1-0"]
[WhiteElo "2562"]
[BlackElo "2433"]
[TimeControl "180+2"]
[EndTime "12:22:27 PDT"]
[Termination "Gordima won by resignation"]

1. d4 Nf6 2. Nf3 g6 3. Bf4 Bg7 4. e3 O-O 5. h3 c5 6. c3 b6 7.
Bd3 Bb7 8. O-O d6 9. Nbd2 Qc7 10. Bh2 Nc6 11. Qe2 Rac8 12. a4 Qb8 13. Rfc1 Qa8 14.
Rab1 Rfd8 15. Nc4 Nb8 16. b4 Bxf3 17. Qxf3 Qxf3 18. gxf3 cxb4 19. cxb4 Nc6 20. Na3 a5 21. Ba6 Rc7 22. Nb5 Nd5 23. Nxc7 Nxc7 24. Bb7 Nxb4 25. Rxc7 1-0

[Event "*** Titled Tuesday 3|2 Blitz"]
[Site "Chess.com"]
[Date "2016.10.04"]
[Round "7"]
[White "Dale"]
[Black "Sanan_Sjugirov"]
[Result "0-1"]
[WhiteElo "2088"]
[BlackElo "2686"]
[TimeControl "180+2"]
[EndTime "12:22:30 PDT"]
[Termination "Sanan_Sjugirov won by checkmate"]

1. Nc3 c5 2. e3 d5 3. b3 g6 4. Bb5+ Nc6 5. Bb2 Bg7 6. Na4 Bxb2 7. Nxb2 Nf6 8. c4 O-O 9. Rc1 d4 10. Bxc6 bxc6 11. Na4 Qd6 12. Qf3 Bf5 13. Ne2 e5 14. O-O Bg4 15. Qg3 Bxe2 16. Rfe1 d3 17. Rc3 Ne4 18. Qh4 Nxc3 19. Nxc3 f5 20. b4 cxb4 21.
c5 Qxc5 22. Na4 Qb5 23. Nb2 e4 24. g4 f4 25. f3 fxe3 26. Qg5 Qxg5 27. a4 exf3 28. Kh1 Qxg4 29. Rg1 Qxg1+ 30. Kxg1 f2+ 31. Kg2 Rf3 32. a5 f1=Q# 0-1

[Event "*** Titled Tuesday 3|2 Blitz"]
[Site "Chess.com"]
[Date "2016.10.04"]
[Round "7"]
[White "ilya261991"]
[Black "jncool68"]
[Result "0-1"]
[WhiteElo "2473"]
[BlackElo "2482"]
[TimeControl "180+2"]
[EndTime "12:22:33 PDT"]
[Termination "jncool68 won by resignation"]

1. e4 c5 2. Nf3 d6 3. Bb5+ Nc6 4.
O-O Bd7 5. Re1 Nf6 6. c3 a6 7.
Bf1 Bg4 8. h3 Bxf3 9. Qxf3 g6 10.
d3 Bg7 11. a4 O-O 12. Na3 Nd7 13. g4 b5 14. Nc2 b4 15. Bd2 bxc3 16. bxc3 Rb8 17.
Ne3 e6 18. Reb1 Qc7 19. Qd1 Rxb1 20. Rxb1 Rb8 21. f4 Na5 22. Kg2 Rxb1 23. Qxb1 Qb6 24. Qc2 Qb3 25. d4 cxd4 26. cxd4 Bxd4 27. Bxa5 Qxe3 28.
Bxa6 Nc5 29. e5 dxe5 30. fxe5 Nxa6 0-1

[Event "*** Titled Tuesday 3|2 Blitz"]
[Site "Chess.com"]
[Date "2016.10.04"]
[Round "7"]
[White "CheckThis4"]
[Black "pastouche06"]
[Result "1/2-1/2"]
[WhiteElo "2331"]
[BlackElo "2333"]
[TimeControl "180+2"]
[EndTime "12:22:40 PDT"]
[Termination "Game drawn by repetition"]

1. d4 Nf6 2. Bg5 Ne4 3. Bf4 d5 4. e3 c5 5. Bd3 cxd4 6. exd4 Nc6 7. Nc3 Bf5 8. Bxe4 Bxe4 9. Nxe4 dxe4 10. Ne2 e6 11.
O-O Bd6 12. Qd2 Bxf4 13. Qxf4 Nxd4 14. Nxd4 Qxd4 15. Rfd1 Qb6 16. Qxe4 O-O 17. b3 Rad8 18. h3 h6 19. c4 Qc7 20. Qf3 b6 21. Rxd8 Rxd8 22.
Rd1 Rxd1+ 23. Qxd1 Qf4 24. g3 Qe5 25. Qd3 Qa1+ 26. Kg2 Qxa2 27. Qd8+ Kh7 28. Qd3+ g6 29. Qd7 Kg7 30. Qd4+ Kg8 31. Qd8+ Kg7 32. Qd4+ Kg8 33. Qd8+ Kg7 34. Qd4+ Kg8 1/2-1/2

[Event "*** Titled Tuesday 3|2 Blitz"]
[Site "Chess.com"]
[Date "2016.10.04"]
[Round "7"]
[White "LornerAcosta"]
[Black "Lali-Rustavi"]
[Result "1-0"]
[WhiteElo "2324"]
[BlackElo "1837"]
[TimeControl "180+2"]
[EndTime "12:22:49 PDT"]
[Termination "LornerAcosta won by checkmate"]

1. d4 Nf6 2. c4 g6 3. Nc3 Bg7 4. Nf3 d6 5. g3 O-O 6. Bg2 Nbd7 7. O-O Re8 8. e4 e5 9. d5 Nc5 10. Qc2 a5 11. Be3 Nfd7 12. Ne1 Nb6 13. Bxc5 dxc5 14. b3 f6 15. Nd3 f5 16. Nxc5 fxe4 17. N3xe4 Rb8 18.
Rae1 Bf5 19. Qc3 h5 20. Qxa5 h4 21. h3 Bh6 22. Qc3 Nd7 23. g4 Nxc5 24. Nxc5 Bc8 25. Rxe5 Bg7 26. Rxe8+ Qxe8 27. Qd2 Qe7 28. Ne6 Bxe6 29.
dxe6 Rd8 30. Qe2 c6 31. Qe4 g5 32. Re1 Rd2 33. Re2 Rd1+ 34. Bf1 Bd4 35. Kg2 Bc5 36.
Qg6+ Kf8 37. Re5 Qg7 38. Rf5+ Kg8 39. Qe8+ Bf8 40. Be2 Re1 41. Rf7 Qh6 42. e7 Rxe2 43. exf8=Q+ Qxf8 44. Qxf8# 1-0

[Event "*** Titled Tuesday 3|2 Blitz"]
[Site "Chess.com"]
[Date "2016.10.04"]
[Round "7"]
[White "ulises2013"]
[Black "Frolyanov_D"]
[Result "1/2-1/2"]
[WhiteElo "2320"]
[BlackElo "2406"]
[TimeControl "180+2"]
[EndTime "12:22:50 PDT"]
[Termination "Game drawn by repetition"]

1. e4 e5 2. Nf3 Nf6 3. Nxe5 d6 4. Nf3 Nxe4 5. Bd3 d5 6. O-O Nc5 7. Re1+ Be7 8. Bf1 O-O 9. d4 Ne4 10. Nbd2 Bf5 11. Bd3 Nxd2 12. Bxf5 Nxf3+ 13. Qxf3 Nc6 14. c3 Bf6 15. Bf4 Ne7 16. Bc2 Ng6 17. Bg3 c6 18. Re2 Re8 19. Rae1 Qd7 20. Bf5 Rxe2 21. Rxe2 Qd8 22.
a3 Nh4 23. Bxh4 Bxh4 24. g3 Bf6 25. Bd3 g6 26. Kg2 Kg7 27. Qe3 Qd6 28. Kf3 a5 29. Qf4 Qxf4+ 30. Kxf4 a4 31. Ke3 b5 32. f4 Be7 33.
Kd2 Bd6 34. Re1 h5 35. h4 Kf6 36. Kc2 Kg7 37. Kd2 Kf6 38. Kc2 Kg7 39. Kd2 1/2-1/2

[Event "*** Titled Tuesday 3|2 Blitz"]
[Site "Chess.com"]
[Date "2016.10.04"]
[Round "7"]
[White "Carolina-moon"]
[Black "Tarlev_Konstantin"]
[Result "0-1"]
[WhiteElo "2165"]
[BlackElo "2561"]
[TimeControl "180+2"]
[EndTime "12:22:52 PDT"]
[Termination "Tarlev_Konstantin won by resignation"]

1. e4 c5 2. Nc3 e6 3. g3 Nc6 4.
Bg2 g6 5. Nge2 Bg7 6. d3 Nge7 7. Be3 d6 8. Qd2 h5 9. f4 h4 10. O-O-O Nd4 11. Rhg1 Rb8 12. Bf2 Nec6 13. Kb1 b5 14.
f5 b4 15. Nxd4 bxc3 16. Nxc6 Rxb2+ 17. Ka1 Qb6 18. Qc1 Qxc6 19. e5 Qa4 20. Qxb2 cxb2+ 21. Kxb2 Bxe5+ 22. Kc1 Bc3 0-1

[Event "*** Titled Tuesday 3|2 Blitz"]
[Site "Chess.com"]
[Date "2016.10.04"]
[Round "7"]
[White "johnathan113"]
[Black "brightthunder"]
[Result "1-0"]
[WhiteElo "2334"]
[BlackElo "2365"]
[TimeControl "180+2"]
[EndTime "12:22:52 PDT"]
[Termination "johnathan113 won by resignation"]

1. d4 Nf6 2. Nc3 d5 3. Bf4 c6 4. Qd2 Bf5 5. f3 Bg6 6. g4 h5 7.
g5 Nfd7 8. e4 e6 9. O-O-O Be7 10. Bd3 Nf8 11. Nge2 Nbd7 12. h4 a6 13. Bh2 Qa5 14.
Kb1 Nb6 15. a3 Nc4 16. Bxc4 dxc4 17. d5 cxd5 18. Nxd5 Qxd2 19. Nc7+ Kd7 20. Rxd2+ Kc6 21. Nxa8 1-0

[Event "*** Titled Tuesday 3|2 Blitz"]
[Site "Chess.com"]
[Date "2016.10.04"]
[Round "7"]
[White "RamonManon0g"]
[Black "Scott-fox21"]
[Result "1-0"]
[WhiteElo "2224"]
[BlackElo "2151"]
[TimeControl "180+2"]
[EndTime "12:23:35 PDT"]
[Termination "RamonManon0g won by resignation"]

1. d4 d5 2. c3 c5 3. dxc5 e6 4. b4 a5 5. Bb2 Nc6 6. a3 Nf6 7. Nd2 Be7 8. Ngf3 O-O 9. e3 Ne4 10. Bb5 Bf6 11. Bxc6 bxc6 12. Nd4 Qc7 13. O-O Ba6 14.
Re1 Rfb8 15. Nxe4 dxe4 16. Qg4 Bd3 17. h4 Qe7 18. Nxc6 Qc7 19. Nxb8 Rxb8 20. h5 axb4 21. axb4 h6 22. Ra5 Bd8 23. c4 e5 24. c6 Rxb4 25. Bxe5 f5 26. Bxc7 fxg4 27. Bxd8 Rxc4 28. c7 1-0

[Event "*** Titled Tuesday 3|2 Blitz"]
[Site "Chess.com"]
[Date "2016.10.04"]
[Round "7"]
[White "mwpchess"]
[Black "Spas_Kozhuharov"]
[Result "1-0"]
[WhiteElo "2471"]
[BlackElo "2473"]
[TimeControl "180+2"]
[EndTime "12:23:40 PDT"]
[Termination "mwpchess won by resignation"]

1. e4 c6 2. d4 d5 3. e5 c5 4.
dxc5 e6 5. a3 Nc6 6. Nf3 Bxc5 7.
b4 Bb6 8. Bb2 f6 9. Bd3 fxe5 10.
b5 Nd4 11. Nxd4 Bxd4 12. Bxd4 exd4 13. Qh5+ Kf8 14. O-O Qd6 15. Re1 Nf6 16. Qh4 e5 17. Qg3 Kf7 18. Qxe5 Qxe5 19. Rxe5 Bd7 20. Nd2 Rhe8 21.
Rae1 Rxe5 22. Rxe5 Rc8 23. Nb3 Rc3 24. f3 a6 25. a4 axb5 26. axb5 b6 27. Nxd4 h6 28. g4 g5 29. h3 Rc5 30. Kf2 Kf8 31. Kg3 Kf7 32.
h4 gxh4+ 33. Kxh4 Be8 34. Nf5 Bxb5 35. Nd6+ 1-0

[Event "*** Titled Tuesday 3|2 Blitz"]
[Site "Chess.com"]
[Date "2016.10.04"]
[Round "7"]
[White "Rumpel-VK"]
[Black "Mornar1951"]
[Result "0-1"]
[WhiteElo "2461"]
[BlackElo "2586"]
[TimeControl "180+2"]
[EndTime "12:24:05 PDT"]
[Termination "Mornar1951 won on time"]

1. e4 d5 2. Nc3 Nf6 3. exd5 Nxd5 4. g3 Nxc3 5. bxc3 g6 6. Bg2 Bg7 7. Nf3 c5 8. O-O Nc6 9. Ba3 Qa5 10. Bb2 O-O 11. Re1 Rd8 12. Ng5 c4 13. h4 h6 14. Nf3 Bg4 15. Qe2 Ne5 16. Qe3 Bxf3 17. Bxf3 Rxd2 18. Bxb7 Rad8 19. Qe4 Qb6 20. Re3 Qxb2 21.
Rf1 Qxc2 22. Qf4 Qf5 23. Qxf5 gxf5 24. Kg2 e6 25. h5 Ng4 26. Rf3 R8d3 27. Ba6 Ne3+ 28.
Rxe3 Rxe3 29. Bxc4 Rxc3 30. Bb3 Bd4 31. Kh3 Rxf2 32.
Rc1 Rxc1 0-1

[Event "*** Titled Tuesday 3|2 Blitz"]
[Site "Chess.com"]
[Date "2016.10.04"]
[Round "7"]
[White "stefanodinn"]
[Black "wannabe2700"]
[Result "0-1"]
[WhiteElo "2226"]
[BlackElo "2289"]
[TimeControl "180+2"]
[EndTime "12:24:05 PDT"]
[Termination "wannabe2700 won on time"]

1. e4 e6 2. d4 d5 3. Nd2 Nf6 4.
e5 Nfd7 5. Bd3 c5 6. c3 Nc6 7.
Ne2 Qb6 8. Nf3 a5 9. O-O Be7 10. Re1 cxd4 11. cxd4 a4 12. Nc3 a3 13. bxa3 Nxd4 14. Rb1 Nxf3+ 15. Qxf3 Qd8 16. Qg4 g6 17. a4 O-O 18. Bh6 Re8 19. Nb5 Nc5 20. Bc2 Bd7 21.
h4 Bxh4 22. Nd6 Bxa4 23. Rec1 Be7 24. Nxe8 Bxe8 25. Bb3 Nd3 26. Rd1 Nxe5 27. Qd4 Bf6 28.
Qb4 b5 0-1

[Event "*** Titled Tuesday 3|2 Blitz"]
[Site "Chess.com"]
[Date "2016.10.04"]
[Round "7"]
[White "GMOratovsky"]
[Black "pedromartinez91"]
[Result "1-0"]
[WhiteElo "2425"]
[BlackElo "2341"]
[TimeControl "180+2"]
[EndTime "12:24:06 PDT"]
[Termination "GMOratovsky won by resignation"]

1. e4 c5 2. Nf3 Nc6 3. Bb5 g6 4.
Bxc6 bxc6 5. O-O Bg7 6. Re1 Nh6 7. c3 O-O 8. d4 cxd4 9. cxd4 f6 10. Nc3 Nf7 11. h3 d6 12. b3 Qa5 13. Bd2 Qa6 14.
Rc1 Bd7 15. Qe2 Qxe2 16. Rxe2 Rfc8 17. Be3 Kf8 18. Rec2 f5 19. Rd2 fxe4 20. Nxe4 h6 21. Nc3 Ke8 22. Re1 Kf8 23. Rde2 c5 24. Nd5 cxd4 25.
Bxd4 e5 26. Bb2 a5 27. Nb6 Bb5 28. Rd2 Ke7 29. Nxa8 Rxa8 30. Ba3 Ke6 31. Nd4+ 1-0

[Event "*** Titled Tuesday 3|2 Blitz"]
[Site "Chess.com"]
[Date "2016.10.04"]
[Round "7"]
[White "Grootneus"]
[Black "Rating-Schmating"]
[Result "0-1"]
[WhiteElo "1991"]
[BlackElo "2207"]
[TimeControl "180+2"]
[EndTime "12:24:13 PDT"]
[Termination "Rating-Schmating won by resignation"]

1. e4 e6 2. d4 d5 3. Nc3 Bb4 4. Bd3 dxe4 5. Bxe4 Nf6 6. Bf3 c5 7. Ne2 O-O 8. a3 Bxc3+ 9. bxc3 Re8 10. O-O Nc6 11.
Bg5 h6 12. Bh4 Bd7 13. Rb1 Rb8 14. Bg3 e5 15. Bxc6 Bxc6 16. Bxe5 Rc8 17. Ng3 Nd5 18. Re1 Qg5 19. Ne4 Qg6 20. Qf3 f5 21. Nd6 Nxc3 22.
Qg3 Qxg3 23. hxg3 Nxb1 24. Nxc8 Rxc8 25. Rxb1 cxd4 26. Bxd4 b6 27. c3 Re8 28. Kf1 Be4 29. Rd1 Bc2 30. Rd2 Bb3 31. f3 Bc4+ 32. Kf2 Kf7 33.
Be3 Re7 34. Rd4 b5 35. g4 fxg4 36. Rxg4 Rd7 37. Bxa7 Rxa7 38. Rf4+ Kg6 39. g4 Rxa3 0-1

[Event "*** Titled Tuesday 3|2 Blitz"]
[Site "Chess.com"]
[Date "2016.10.04"]
[Round "7"]
[White "sandropozo"]
[Black "Er_is_geen_hoop_meer"]
[Result "1-0"]
[WhiteElo "2368"]
[BlackElo "2273"]
[TimeControl "180+2"]
[EndTime "12:24:40 PDT"]
[Termination "sandropozo won by resignation"]

1. d4 Nf6 2. c4 g6 3. Nf3 Bg7 4. g3 O-O 5. Bg2 d6 6. O-O c6 7. Nc3 Qa5 8. e4 Bg4 9. h3 Bxf3 10. Bxf3 Nfd7 11. Be3 c5 12. e5 cxd4 13. Bxd4 dxe5 14. Be3 Qc7 15. Nd5 Qd8 16. Nxe7+ Qxe7 17. Bxb7 Nb6 18. Bxa8 Nxa8 19. Qd5 Nb6 20. Qb5 N8d7 21. Rfd1 Rc8 22. Rac1 Qe6 23. c5 Nd5 24. Qb7 Rc6 25. Qa8+ Nf8 26.
b4 Nxb4 27. Rd8 Nd5 28. Re8 Qd7 29. Rd1 Qxh3 30. Rxd5 Ra6 31. Rdd8 Rxa2 32. Rxf8+ Bxf8 33. Rxf8+ Kg7 34. Rg8+ Kf6 35. Qd8+ Kf5 36. Qd7+ Ke4 37. Qxh3 1-0

[Event "*** Titled Tuesday 3|2 Blitz"]
[Site "Chess.com"]
[Date "2016.10.04"]
[Round "7"]
[White "Iball95"]
[Black "Wolverine_master"]
[Result "1-0"]
[WhiteElo "2516"]
[BlackElo "2064"]
[TimeControl "180+2"]
[EndTime "12:24:54 PDT"]
[Termination "Iball95 won by resignation"]

1. d4 Nf6 2. c4 c5 3. d5 b5 4. cxb5 a6 5. bxa6 Bxa6 6. Nc3 d6 7. e4 Bxf1 8. Kxf1 g6 9. g3 Bg7 10. Kg2 Nbd7 11. Nf3 O-O 12. Bd2 Qb6 13. Qc2 Rfb8 14.
Rhb1 Ng4 15. a4 c4 16. Be1 Nc5 17. h3 Ne5 18. Nxe5 Bxe5 19. Nb5 Nb3 20. Ra3 Rc8 21. Bc3 Bxc3 22. Nxc3 Nd4 23. Qd2 Qc5 24. Rd1 Nb3 25. Qc2 Nd4 26. Qd2 Nb3 27. Qe2 Rcb8 28. Nb5 Qb4 29. Nc3 Nc5 30. Qc2 Ra7 31. Rd4 Qxb2 32.
Qxb2 Rxb2 33. Rxc4 Nd3 34. Nd1 Nc5 35. Nxb2 1-0

[Event "*** Titled Tuesday 3|2 Blitz"]
[Site "Chess.com"]
[Date "2016.10.04"]
[Round "7"]
[White "MateusViageiro"]
[Black "Holden-Caulfield"]
[Result "0-1"]
[WhiteElo "2305"]
[BlackElo "2472"]
[TimeControl "180+2"]
[EndTime "12:24:54 PDT"]
[Termination "Holden-Caulfield won by resignation"]

1. e4 d6 2. d4 Nf6 3. Nc3 e5 4. Nf3 Nbd7 5. Bc4 Be7 6. Qe2 O-O 7. dxe5 dxe5 8. Bg5 c6 9. O-O-O Qc7 10. h4 b5 11. Bb3 Nc5 12. h5 h6 13. Be3 a5 14. a4 Nxb3+ 15. cxb3 Be6 16. axb5 cxb5 17. Qxb5 Nxe4 18. Qxe5 Qxe5 19. Nxe5 Nxc3 20. bxc3 Bxb3 21. Rd7 Ba3+ 22. Kd2 Be6 23. Rb7 Rfd8+ 24. Bd4 Bd6 25.
Nc6 Re8 26. Rb6 Bc4 27. Re1 Rxe1 28. Kxe1 Re8+ 29. Be3 Bc5 30. Rb8 Rxb8 31. Nxb8 Bd6 32. Nc6 a4 33. Kd2 Bd5 34. Nb4 Bxg2 35. Nd3 a3 36. Kc1 Bf3 37. Nb4 Bxh5 38. Kb1 Bf3 39. Ka2 h5 40. Bg5 f6 41. Be3 h4 42. Kxa3 h3 0-1

[Event "*** Titled Tuesday 3|2 Blitz"]
[Site "Chess.com"]
[Date "2016.10.04"]
[Round "7"]
[White "NTBT_DHS"]
[Black "andretta"]
[Result "1-0"]
[WhiteElo "2453"]
[BlackElo "2253"]
[TimeControl "180+2"]
[EndTime "12:25:01 PDT"]
[Termination "NTBT_DHS won on time"]

1. d4 d5 2. c4 dxc4 3. e3 e5 4. Bxc4 exd4 5. Nf3 Bb4+ 6. Bd2 Bxd2+ 7. Qxd2 Nc6 8. O-O Nf6 9. exd4 O-O 10. h3 Ne4 11.
Qf4 Nd6 12. Bb3 Bf5 13. Nc3 Bd3 14. Rfe1 Bg6 15. Rad1 Na5 16. Ba4 Nac4 17. Re2 c6 18. Ne5 Re8 19. d5 Nxe5 20. Rxe5 Rxe5 21. Qxe5 c5 22. Nb5 Nc4 23. Qe2 Nb6 24. Bb3 Qe8 25.
Qxe8+ Rxe8 26. Nd6 Rb8 27. a4 Kf8 28. a5 Nd7 29.
Nc4 b5 30. axb6 axb6 31. d6 1-0

[Event "*** Titled Tuesday 3|2 Blitz"]
[Site "Chess.com"]
[Date "2016.10.04"]
[Round "7"]
[White "nihalsarin"]
[Black "dusanacns"]
[Result "1-0"]
[WhiteElo "2494"]
[BlackElo "2546"]
[TimeControl "180+2"]
[EndTime "12:25:23 PDT"]
[Termination "nihalsarin won by resignation"]

1. c4 g6 2. d4 Bg7 3. e4 d6 4. Be2 Nf6 5. Nc3 O-O 6. h4 c5 7.
d5 b5 8. cxb5 a6 9. bxa6 Qa5 10.
Bd2 Bxa6 11. Rh3 Nbd7 12. b3 Rfb8 13. Kf1 Ne5 14. Nf3 Nxf3 15. Rxf3 Ng4 16. a4 Bxe2+ 17.
Kxe2 Qa6+ 18. Ke1 Ne5 19. Re3 Nd3+ 20. Kf1 Nb2+ 21. Qe2 Rxb3 22. Rb1 c4 23. Be1 Bf6 24. Rxb2 Qb6 25. Rxb3 cxb3 26. Qb5 Qxb5+ 27. Nxb5 b2 28. Rb3 Rxa4 29. Nc3 Bxc3 30. Rb8+ Kg7 31. Bxc3+ f6 32. Rxb2 Rxe4 33. Re2 Rc4 34. Rxe7+ Kf8 35. Bxf6 h6 36. Re6 1-0

[Event "*** Titled Tuesday 3|2 Blitz"]
[Site "Chess.com"]
[Date "2016.10.04"]
[Round "7"]
[White "HovmoellerHest"]
[Black "BellJackson95"]
[Result "0-1"]
[WhiteElo "2289"]
[BlackElo "2325"]
[TimeControl "180+2"]
[EndTime "12:25:26 PDT"]
[Termination "BellJackson95 won by resignation"]

1. d4 Nf6 2. c4 c5 3. d5 e6 4. Nc3 exd5 5. cxd5 d6 6. e4 g6 7. f4 Bg7 8. Bb5+ Nfd7 9. a4 O-O 10.
Nf3 Na6 11. O-O Nb4 12. Re1 a6 13. Bf1 Re8 14. a5 f5 15. exf5 gxf5 16. Rxe8+ Qxe8 17. Bd2 Nf6 18. Qb3 Bd7 19. Na4 Qe4 20. Nb6 Rd8 21. Re1 Qc2 22. Qxc2 Nxc2 23. Rc1 Nd4 24. Nxd4 cxd4 25.
Rc7 Bb5 26. Bxb5 axb5 27. Rxb7 Ne4 28. Bb4 d3 29. Kf1 Re8 30. a6 d2 31. Bxd2 Nxd2+ 32. Kf2 Bd4+ 33. Kg3 Bxb6 34. Rxb6 Ra8 35. Kh4 Ne4 36.
h3 Kg7 37. g4 Kf6 38. g5+ Kg6 39. Rc6 h6 40. gxh6 Kxh6 41. Rb6 Kg6 0-1

[Event "*** Titled Tuesday 3|2 Blitz"]
[Site "Chess.com"]
[Date "2016.10.04"]
[Round "7"]
[White "MFBerna"]
[Black "macko06"]
[Result "0-1"]
[WhiteElo "2143"]
[BlackElo "2121"]
[TimeControl "180+2"]
[EndTime "12:25:27 PDT"]
[Termination "macko06 won by resignation"]

1. d4 Nf6 2. c4 e6 3. Nc3 c5 4. d5 exd5 5. cxd5 g6 6. e4 d6 7. Nf3 Bg7 8. Be2 O-O 9. O-O Na6 10.
Nd2 Nc7 11. a4 a6 12. a5 Re8 13. Qc2 Bd7 14. Nc4 Nb5 15. Nxb5 Bxb5 16. f3 Bxc4 17. Bxc4 Nd7 18. Ra3 Qh4 19. g3 Qh3 20. Rb3 Rab8 21. Bd2 Bd4+ 22. Kh1 Ne5 23. Rb6 Red8 24. Bg5 Rd7 25.
f4 Ng4 26. b3 Ne3 27. Qe2 Nxf1 28. Qxf1 Qxf1+ 29. Bxf1 c4 30. Rb4 Bc3 31. Rxc4 Bxa5 32. Bg2 Rc7 33. e5 Rxc4 34. bxc4 Bc7 35. c5 dxc5 36.
d6 Bd8 37. Bxd8 Rxd8 38. Bxb7 a5 39. Bd5 a4 40. Kg2 a3 41. Kf3 Kf8 42. Ke4 Ra8 43. Ba2 Rb8 44. Kd5 Rb2 45. Bc4 a2 46. Bxa2 Rxa2 47. Kxc5 Ke8 48. g4 Kd7 49. f5 Rxh2 50.
e6+ fxe6 51. f6 Rf2 52. g5 Rf5+ 0-1

[Event "*** Titled Tuesday 3|2 Blitz"]
[Site "Chess.com"]
[Date "2016.10.04"]
[Round "7"]
[White "Lukianoo"]
[Black "Paralinch"]
[Result "1-0"]
[WhiteElo "2734"]
[BlackElo "2575"]
[TimeControl "180+2"]
[EndTime "12:25:29 PDT"]
[Termination "Lukianoo won by checkmate"]

1. e4 c6 2. d4 d5 3. f3 e6 4. Nc3 Bb4 5. Qd3 Ne7 6. a3 Ba5 7. Ne2 O-O 8. Bf4 b5 9. h4 Bc7 10. Bxc7 Qxc7 11. h5 h6 12. g4 f6 13. f4 a5 14. g5 fxg5 15. fxg5 hxg5 16. h6 g6 17. Qd2 Ba6 18. Qxg5 b4 19. h7+ Kh8 20. Na4 dxe4 21. Nc5 Rf5 22. Qh6 Nd5 23. Qxg6 Qf7 24. Qg8+ Qxg8 25. hxg8=Q+ Kxg8 26. Bh3 Rf6 27. Bxe6+ Kg7 28.
Ng3 Nf4 29. Nf5+ Kg6 30. Rh6+ Kg5 31. Nxe4+ Kg4 32. Nxf6+ Kf3 33. Rh2 Ng2+ 34. Kd2 Ra7 35. Rh3+ Kf2 36. Ne4# 1-0

[Event "*** Titled Tuesday 3|2 Blitz"]
[Site "Chess.com"]
[Date "2016.10.04"]
[Round "7"]
[White "Houdinovic"]
[Black "agser"]
[Result "1-0"]
[WhiteElo "2348"]
[BlackElo "2476"]
[TimeControl "180+2"]
[EndTime "12:25:34 PDT"]
[Termination "Houdinovic won by resignation"]

1. e4 c5 2. Nf3 e6 3. d4 cxd4 4. Nxd4 Nc6 5. Nc3 Qc7 6. Be3 a6 7. Be2 b5 8. Nxc6 Qxc6 9. e5 Bb7 10. Bf3 Qc7 11. Bxb7 Qxb7 12. O-O Ne7 13. Bc5 Rc8 14. Bd6 Nf5 15. Bxf8 Kxf8 16. Qd3 h5 17. Rad1 Rc7 18. Ne4 Qc6 19. Rd2 Qc4 20. Qa3+ b4 21. Qa5 Ke7 22. Rfd1 Rb8 23. Nd6 Qc6 24. Nxf5+ exf5 25. Rd6 Qc4 26. h3 Rb5 27. Qxa6 Qc5 28. c3 bxc3 29. bxc3 Qxe5 30. R6d3 Qe6 31. Qxb5 1-0